 Dungeon Crawl Stone Soup version 0.28-a0-461-g2dc4ca5097 (webtiles) character file.

Game seed: 5762861999773033056

197 Dittersdorf the Covered (level 5, 0/34 HPs)
             Began as a Gargoyle Fighter on Sept 13, 2021.
             Slain by a bullfrog (2 damage)
             ... on level 2 of the Dungeon.
             The game lasted 00:03:00 (1846 turns).

Dittersdorf the Covered (Gargoyle Fighter)          Turns: 1846, Time: 00:03:00

Health: 0/34       AC: 11    Str: 20    XL:     5   Next: 75%
Magic:  5/5        EV:  9    Int:  9    God:
Gold:   112        SH:  4    Dex:  9    Spells: 4/4 levels left

rFire   . . .      SeeInvis .   a - +0 flail
rCold   . . .      Faith    .   c - +0 buckler
rNeg    + . .      Spirit   .   b - +0 scale mail
rPois   ∞          Reflect  .   (no helmet)
rElec   +          Harm     .   (no cloak)
rCorr   .          Rampage  .   (no gloves)
Will    .....                   (no boots)
Stlth   ..........              (no amulet)
HPRegen 0.11/turn               (no ring)
MPRegen 0.09/turn               (no ring)

@: no status effects
A: sickness immunity, AC +4, negative energy resistance 1, electricity
resistance, torment resistance 1, petrification resistance
a: no special abilities


You were on level 2 of the Dungeon.
You visited 1 branch of the dungeon, and saw 4 of its levels.

You collected 112 gold pieces.

Inventory:

Hand Weapons
 a - a +0 flail (weapon)
Armour
 b - a +0 scale mail (worn)
 c - a +0 buckler (worn)
Scrolls
 f - a scroll of amnesia {unknown}
 g - a scroll of teleportation
 j - a scroll of vulnerability {unknown}
 k - a scroll of identify {unknown}
 m - a scroll of brand weapon {unknown}
Potions
 d - a potion of might
 e - 3 potions of haste {unknown}
 h - a potion of cancellation {unknown}
 i - a potion of attraction {unknown}
 l - a potion of berserk rage {unknown}


   Skills:
 + Level 4.5 Fighting
 + Level 3.4 Maces & Flails
 + Level 4.7 Armour
 - Level 4.0 Shields


You had 4 spell levels left.
You didn't know any spells.
Your spell library contained the following spells:

 Spells                   Type           Power      Damage    Failure   Level
 Shock                    Conj/Air       0%         1d3       73%         1
 Blink                    Tloc           N/A        N/A       86%         2
 Lesser Beckoning         Tloc           0%         N/A       97%         3
 Swiftness                Air            0%         N/A       97%         3
 Airstrike                Air            0%         N/A       100%        4
 Manifold Assault         Tloc           0%         N/A       100%        5


Dungeon Overview and Level Annotations

Branches:
Dungeon (4/15)
 Temple: D:4-7

Altars:


Innate Abilities, Weirdness & Mutations

You are immune to sickness and miasma.
Your stone body is resilient. (AC +4)
You are immune to poison.
You resist negative energy. (rN+)
You are resistant to electric shocks. (rElec)
You are resistant to unholy torment.
You are immune to petrification.


Message History

You are too injured to fight recklessly!
You are too injured to fight recklessly!
You are too injured to fight recklessly!
You are too injured to fight recklessly!
You are too injured to fight recklessly!
You are too injured to fight recklessly!
You are too injured to fight recklessly!
You are too injured to fight recklessly!
You are too injured to fight recklessly!
You are too injured to fight recklessly!
You block the bullfrog's attack. The gnoll hits you but does no damage.
The bullfrog barely misses you. The goblin barely misses you.
The goblin barely misses you. The adder bites you but does no damage.
The bullfrog swells and bulges.
The goblin closely misses you.
Found 7 gold pieces.
Found an escape hatch in the ceiling.
The bullfrog hits you.
* * * LOW HITPOINT WARNING * * *
The goblin hits you but does no damage.
The bullfrog hits you but does no damage.
The bullfrog closely misses you.
A goblin comes into view. It is wielding a +0 dagger.
The goblin shouts!
There is an escape hatch in the ceiling here.
You can't go down here!
You block the bullfrog's attack. You block the gnoll's attack.
The bullfrog hits you.
* * * LOW HITPOINT WARNING * * *
A mysterious force pulls you upwards. The hatch slams shut behind you.
You block the bullfrog's attack. The gnoll hits you but does no damage.
You block the bullfrog's attack. The bullfrog barely misses you.
The bullfrog closely misses you.
The bullfrog releases a deep croak.
The bullfrog hits you but does no damage.
You hit the bullfrog but do no damage.
The bullfrog is heavily wounded.
The bullfrog hits you.
You die...

.......# ###.##..........# .....#
. #.###....#.# ....^### .. ..
#....#.##### ..#....# ###..# ###
##....#...... .##..#.##.....#
###.....#...... .###......###.#
#........#...... .###(....##...#
#.###...........
.#..........######.....÷.........
...####.......gF@..####..........
..## #...#...####.###...........
÷.# ##..##..## #.##.†.#........
<## ##..#...###.##.#.......... ##
#....#)..#.#............#
#...##........##........#
.............†### .###.###
......#.######.......# .#
...##.##.# #...#####


You could see a bullfrog and a gnoll.

Vanquished Creatures
  A scorpion (D:4)
  A hound (D:4)
  A howler monkey skeleton (D:3)
  A gnoll (D:3)
  3 adders
  A worm (D:2)
  4 dart slugs
  3 bats (D:1)
  3 endoplasms
  4 giant cockroaches
  7 hobgoblins
  2 jackals (D:1)
  10 kobolds
  A quokka (D:1)
  4 ball pythons
  2 frilled lizards
  4 goblins
  2 rats (D:1)
54 creatures vanquished.

Notes
Turn   | Place    | Note
-------+----------+-------------------------------------------
     0 | D:1      | Dittersdorf the Gargoyle Fighter began the quest for the
                  | Orb.
     0 | D:1      | Reached XP level 1. HP: 14/14 MP: 1/1
    58 | D:1      | Reached XP level 2. HP: 19/19 MP: 2/2
   396 | D:1      | Reached XP level 3. HP: 23/24 MP: 3/3
   699 | D:1      | Found a faded altar of an unknown god.
  1389 | D:2      | Reached XP level 4. HP: 28/29 MP: 4/4
  1542 | D:2      | You fall into a shaft and drop 2 floors!
  1542 | D:4      | Noticed a scorpion
  1551 | D:4      | Killed a scorpion
  1552 | D:4      | Reached XP level 5. HP: 26/33 MP: 5/5
  1835 | D:3      | HP: 1/34 [bullfrog (5)]
  1846 | D:2      | Slain by a bullfrog

Illustrated notes

Levels and vault maps discovered:
D:1:      psy_arrival_terrarium, layout_basic, ebering_ecumenical_altar_hall
D:2:      layout_rooms
D:3:      layout_rooms, uniq_ijyb
D:4:      layout_cave_pools, minmay_temple_entry_glass,
          kennysheep_pointless_box, minmay_hollow_rounded_squares

Skill      XL: |  1  2  3  4 |
---------------+-------------+-----
Fighting       | 4 |  4.5
Maces & Flails | 3 |  3.4
Armour         | 4 |  4.7
Shields        | 4 |  4.0

Action                   |  1- 3 |  4- 6 || total
-------------------------+-------+-------++-------
Melee: Flail             |   138 |    48 ||   186
  Use: Scroll            |       |     1 ||     1
Armor: Scale mail        |    82 |    44 ||   126
Dodge: Dodged            |    63 |    38 ||   101
Block: Buckler           |    21 |    20 ||    41

Table legend: (Time is in decaauts)
 A = Elapsed time spent in this place.
 B = Non-inter-level travel time spent in this place.
 C = Inter-level travel time spent in this place.
 D = Time resting spent in this place.
 E = Time spent auto-exploring this place.
 F = Levels seen in this place.
 G = Mean time per level.
                   A        B        C        D        E       F      G
               +--------+--------+--------+--------+--------+-----+--------+
         Total |   1899 |   1886 |     13 |    255 |   1178 |   4 |  474.8 |
       Dungeon |   1899 |   1886 |     13 |    255 |   1178 |   4 |  474.8 |
               +--------+--------+--------+--------+--------+-----+--------+

Top non-repeatable levels by time:
     D:1: 1104 daAuts
     D:2: 491 daAuts
     D:4: 205 daAuts
     D:3: 97 daAuts
